| TOP OF THE 1ST |
|
Frisco RoughRiders batting - Pitching for Midland RockHounds : LHP Rich Byrd
|
|
Pitching: LHP Rich Byrd
|
|
|
Batting: SHB Seung-ho Zhang
|
0-0: Ball 1-0: Foul Ball, location: 2F 1-1: Ball 2-1: Ground out 6-3 (Groundball, 6D, EV 100.0 MPH)
|
|
Batting: RHB Sean Neuroth
|
0-0: Ball 1-0: Ball 2-0: Foul Ball, location: 2F 2-1: Foul Ball, location: 2F 2-2: Strikes out looking
|
|
Batting: RHB Josh Whitmore
|
0-0: Foul Ball, location: 2F 0-1: Ball 1-1: Swinging Strike 1-2: Strikes out swinging
|
| Top of the 1st over - 0 runs, 0 hits, 0 errors, 0 left on base; Frisco 0 - Midland 0 |
| BOTTOM OF THE 1ST |
|
Midland RockHounds batting - Pitching for Frisco RoughRiders : RHP Andy Zecher
|
|
Pitching: RHP Andy Zecher
|
|
|
Batting: RHB Chris Bohm
|
0-0: Fly out, F6 (Popup, 6M, EV 56.2 MPH)
|
|
Batting: RHB Chris Prinzing
|
0-0: Foul Ball, location: 2F 0-1: Fly out, F8 (Flyball, 8LM, EV 89.4 MPH)
|
|
Batting: RHB Sean Gould
|
0-0: Ball 1-0: Ball 2-0: Foul Ball, location: 2F 2-1: Ground out 5-3 (Groundball, 56, EV 88.8 MPH)
|
| Bottom of the 1st over - 0 runs, 0 hits, 0 errors, 0 left on base; Frisco 0 - Midland 0 |
| TOP OF THE 2ND |
|
Frisco RoughRiders batting - Pitching for Midland RockHounds : LHP Rich Byrd
|
|
Batting: RHB Carlos Lopez
|
0-0: Called Strike 0-1: Foul Ball, location: 2F 0-2: SINGLE (Groundball, 5D, EV 105.0 MPH)
|
|
Batting: RHB Luis Arce
|
0-0: Foul Ball, location: 2F 0-1: Ball 1-1: Called Strike 1-2: Ball 2-2: Ball 3-2: Fly out, F8 (Flyball, 78M, EV 85.0 MPH)
|
|
Batting: RHB Chance Lamb
|
0-0: Ball Carlos Lopez steals 2nd, throwing error, E2 Carlos Lopez to third 1-0: Ground out 4-3 (Groundball, 4, EV 104.4 MPH) Carlos Lopez scores
|
|
Batting: RHB Joe Kemp
|
0-0: Called Strike 0-1: Ball 1-1: Swinging Strike 1-2: Strikes out swinging
|
| Top of the 2nd over - 1 run, 1 hit, 1 error, 0 left on base; Frisco 1 - Midland 0 |
| BOTTOM OF THE 2ND |
|
Midland RockHounds batting - Pitching for Frisco RoughRiders : RHP Andy Zecher
|
|
Batting: LHB Tom Raupp
|
0-0: Swinging Strike 0-1: Ground out 1-3 (Groundball, 34S, EV 65.0 MPH)
|
|
Batting: RHB Matt Sherard
|
0-0: Ball 1-0: Ball 2-0: Called Strike 2-1: Ball 3-1: Fly out, F8 (Flyball, 8RD, EV 90.0 MPH)
|
|
Batting: RHB Don Burt
|
0-0: Called Strike 0-1: Swinging Strike 0-2: Strikes out looking
|
| Bottom of the 2nd over - 0 runs, 0 hits, 0 errors, 0 left on base; Frisco 1 - Midland 0 |
| TOP OF THE 3RD |
|
Frisco RoughRiders batting - Pitching for Midland RockHounds : LHP Rich Byrd
|
|
Batting: RHB Danny Odom
|
0-0: Ball 1-0: Ball 2-0: Foul Ball, location: 2F 2-1: DOUBLE (Flyball, 89D, EV 113.1 MPH)
|
|
Batting: LHB Yoshinari Nara
|
0-0: Ball Danny Odom is caught stealing 3rd base 2-5 1-0: Called Strike 1-1: Foul Ball, location: 2F 1-2: DOUBLE (Line Drive, 78XD, EV 103.1 MPH)
|
|
Batting: SHB Seung-ho Zhang
|
0-0: Ball 1-0: Swinging Strike 1-1: Called Strike 1-2: Ball 2-2: Strikes out swinging
|
|
Batting: RHB Sean Neuroth
|
0-0: Foul Ball, location: 2F 0-1: Ball 1-1: Fly out, F9 (Flyball, 89D, EV 95.6 MPH)
|
| Top of the 3rd over - 0 runs, 2 hits, 0 errors, 1 left on base; Frisco 1 - Midland 0 |
| BOTTOM OF THE 3RD |
|
Midland RockHounds batting - Pitching for Frisco RoughRiders : RHP Andy Zecher
|
|
Batting: RHB Micah Roth
|
0-0: Ball 1-0: Called Strike 1-1: Ground out 5-3 (Groundball, 56S, EV 75.6 MPH)
|
|
Batting: LHB Jose Mojica
|
0-0: Called Strike 0-1: Ball 1-1: Foul Ball, location: 2F 1-2: Ground out U3 (Groundball, 3L, EV 100.0 MPH)
|
|
Batting: RHB Larry Clark
|
0-0: Ball 1-0: Ground out 4-3 (Groundball, 4M, EV 98.8 MPH)
|
| Bottom of the 3rd over - 0 runs, 0 hits, 0 errors, 0 left on base; Frisco 1 - Midland 0 |
| TOP OF THE 4TH |
|
Frisco RoughRiders batting - Pitching for Midland RockHounds : LHP Rich Byrd
|
|
Batting: RHB Josh Whitmore
|
0-0: Called Strike 0-1: Foul Ball, location: 2F 0-2: Ball 1-2: Ball 2-2: Foul Ball, location: 2F 2-2: Foul Ball, location: 2F 2-2: Fly out, F8 (Flyball, 8LXD, EV 85.0 MPH)
|
|
Batting: RHB Carlos Lopez
|
0-0: Ground out 6-3 (Groundball, 6, EV 100.0 MPH)
|
|
Batting: RHB Luis Arce
|
0-0: Ball 1-0: Swinging Strike 1-1: Ground out 5-3 (Groundball, 56S, EV 72.5 MPH)
|
| Top of the 4th over - 0 runs, 0 hits, 0 errors, 0 left on base; Frisco 1 - Midland 0 |
| BOTTOM OF THE 4TH |
|
Midland RockHounds batting - Pitching for Frisco RoughRiders : RHP Andy Zecher
|
|
Batting: RHB Chris Bohm
|
0-0: Swinging Strike 0-1: Ground out 6-3 (Groundball, 6M, EV 102.5 MPH)
|
|
Batting: RHB Chris Prinzing
|
0-0: Swinging Strike 0-1: Foul Ball, location: 2F 0-2: Strikes out looking
|
|
Batting: RHB Sean Gould
|
0-0: Called Strike 0-1: Ball 1-1: Called Strike 1-2: Strikes out swinging
|
| Bottom of the 4th over - 0 runs, 0 hits, 0 errors, 0 left on base; Frisco 1 - Midland 0 |
| TOP OF THE 5TH |
|
Frisco RoughRiders batting - Pitching for Midland RockHounds : LHP Rich Byrd
|
|
Batting: RHB Chance Lamb
|
0-0: Foul Ball, location: 2F 0-1: Ball 1-1: Swinging Strike 1-2: Ball 2-2: Ball 3-2: Foul Ball, location: 2F 3-2: Base on Balls
|
|
Batting: RHB Joe Kemp
|
0-0: Called Strike 0-1: Ball 1-1: SINGLE (Groundball, 34D, EV 99.4 MPH) Chance Lamb to second Runner from 2nd tries for 3rd, SAFE, throw by RF made to third Joe Kemp to second
|
|
Batting: RHB Danny Odom
|
0-0: Ground out 6-3 (Groundball, 56S, EV 70.6 MPH)
|
|
Batting: LHB Yoshinari Nara
|
0-0: Called Strike 0-1: Foul Ball, location: 2F 0-2: Strikes out looking
|
|
Batting: SHB Seung-ho Zhang
|
0-0: Ball 1-0: Called Strike 1-1: Ball 2-1: Ground out 4-3 (Groundball, 4, EV 83.1 MPH)
|
| Top of the 5th over - 0 runs, 1 hit, 0 errors, 2 left on base; Frisco 1 - Midland 0 |
| BOTTOM OF THE 5TH |
|
Midland RockHounds batting - Pitching for Frisco RoughRiders : RHP Andy Zecher
|
|
Batting: LHB Tom Raupp
|
0-0: Called Strike 0-1: Ball 1-1: Foul Ball, location: 2F 1-2: Ball 2-2: Ball 3-2: Ground out 6-3 (Groundball, 4, EV 100.6 MPH)
|
|
Batting: RHB Matt Sherard
|
0-0: Ball 1-0: Called Strike 1-1: DOUBLE (Groundball, 5L, EV 103.1 MPH)
|
|
Batting: RHB Don Burt
|
0-0: Ball 1-0: Called Strike 1-1: Called Strike 1-2: SINGLE (Line Drive, 34D, EV 104.4 MPH) Matt Sherard to third Runner from 3rd tries for Home, SAFE, throw by RF to home
|
|
Batting: RHB Micah Roth
|
Pickoff Throw to First - Out! 1-3 0-0: Called Strike 0-1: Ball 1-1: Fly out, F4 (Popup, 3S, EV 83.1 MPH)
|
| Bottom of the 5th over - 1 run, 2 hits, 0 errors, 0 left on base; Frisco 1 - Midland 1 |
| TOP OF THE 6TH |
|
Frisco RoughRiders batting - Pitching for Midland RockHounds : LHP Rich Byrd
|
|
Batting: RHB Sean Neuroth
|
0-0: Ball 1-0: Fly out, F2 (Popup, 3SF, EV 89.4 MPH)
|
|
Batting: RHB Josh Whitmore
|
0-0: Ball 1-0: Called Strike 1-1: Ball 2-1: Foul Ball, location: 2F 2-2: Ball 3-2: Ground out 6-3 (Groundball, 6, EV 85.6 MPH)
|
|
Batting: RHB Carlos Lopez
|
0-0: Called Strike 0-1: Hit by Pitch
|
|
Batting: RHB Luis Arce
|
0-0: Foul Ball, location: 2F 0-1: Foul Ball, location: 2F 0-2: Ball 1-2: Strikes out swinging
|
| Top of the 6th over - 0 runs, 0 hits, 0 errors, 1 left on base; Frisco 1 - Midland 1 |
| BOTTOM OF THE 6TH |
|
Midland RockHounds batting - Pitching for Frisco RoughRiders : RHP Andy Zecher
|
|
Batting: LHB Jose Mojica
|
0-0: Ground out 4-3 (Groundball, 4, EV 90.6 MPH)
|
|
Batting: RHB Larry Clark
|
0-0: Called Strike 0-1: Called Strike 0-2: Foul Ball, location: 2F 0-2: Ball 1-2: Ball 2-2: Ground out 6-3 (Groundball, P, EV 83.1 MPH)
|
|
Batting: RHB Chris Bohm
|
0-0: Called Strike 0-1: Called Strike 0-2: Ball 1-2: SINGLE (Groundball, 23, EV 66.2 MPH) (infield hit)
|
|
Batting: RHB Chris Prinzing
|
0-0: Called Strike Chris Bohm steals 2nd base 0-1: Ball 1-1: Swinging Strike 1-2: Foul Ball, location: 2F 1-2: Foul Ball, location: 2F 1-2: Fly out, F9 (Flyball, 9D, EV 99.4 MPH)
|
| Bottom of the 6th over - 0 runs, 1 hit, 0 errors, 1 left on base; Frisco 1 - Midland 1 |
| TOP OF THE 7TH |
|
Frisco RoughRiders batting - Pitching for Midland RockHounds : LHP Rich Byrd
|
|
Batting: RHB Chance Lamb
|
0-0: Called Strike 0-1: Ground out 3-1 (Groundball, 34, EV 76.2 MPH)
|
|
Batting: RHB Joe Kemp
|
0-0: Ball 1-0: Ball 2-0: SINGLE (Groundball, 4S, EV 66.9 MPH) (infield hit)
|
|
Batting: RHB Danny Odom
|
0-0: Ball Joe Kemp is caught stealing 2nd base 2-4 1-0: Ball 2-0: Ball 3-0: Called Strike 3-1: Base on Balls
|
|
Batting: LHB Yoshinari Nara
|
0-0: Ball 1-0: Ball 2-0: Ball 3-0: Called Strike 3-1: Fly out, F6 (Popup, 6, EV 76.9 MPH)
|
| Top of the 7th over - 0 runs, 1 hit, 0 errors, 1 left on base; Frisco 1 - Midland 1 |
| BOTTOM OF THE 7TH |
|
Midland RockHounds batting - Pitching for Frisco RoughRiders : RHP Andy Zecher
|
|
Batting: RHB Sean Gould
|
0-0: Called Strike 0-1: Ball 1-1: Foul Ball, location: 2F 1-2: Foul Ball, location: 2F 1-2: Fly out, F7 (Flyball, 7S, EV 96.2 MPH)
|
|
Batting: LHB Tom Raupp
|
0-0: Called Strike 0-1: Ball 1-1: Called Strike 1-2: Strikes out looking
|
|
Batting: RHB Matt Sherard
|
0-0: Ball 1-0: Ball 2-0: Called Strike 2-1: SINGLE (Groundball, 6MD, EV 97.5 MPH)
|
|
Batting: RHB Don Burt
|
0-0: Ball 1-0: Foul Ball, location: 2F 1-1: Ball 2-1: Fly out, F7 (Flyball, 7LS, EV 91.2 MPH)
|
| Bottom of the 7th over - 0 runs, 1 hit, 0 errors, 1 left on base; Frisco 1 - Midland 1 |
| TOP OF THE 8TH |
|
Frisco RoughRiders batting - Pitching for Midland RockHounds : LHP Rich Byrd
|
|
Pitching: RHP Jon Hollman
|
|
|
Batting: SHB Seung-ho Zhang
|
0-0: Called Strike 0-1: Ball 1-1: Swinging Strike 1-2: Ball 2-2: Foul Ball, location: 2F 2-2: Fly out, F8 (Flyball, 8RD, EV 101.9 MPH)
|
|
Batting: LHB Jim Pankratz
|
0-0: Ball 1-0: Ball 2-0: Ground out U3 (Groundball, 3L, EV 115.6 MPH)
|
|
Pinch Hitting: LHB Jody Hudson
|
0-0: Swinging Strike 0-1: Foul Ball, location: 2F 0-2: Foul Ball, location: 2F 0-2: Ball 1-2: Foul Ball, location: 2F 1-2: Fly out, F9 (Flyball, 9D, EV 107.5 MPH)
|
| Top of the 8th over - 0 runs, 0 hits, 0 errors, 0 left on base; Frisco 1 - Midland 1 |
| BOTTOM OF THE 8TH |
|
Midland RockHounds batting - Pitching for Frisco RoughRiders : RHP Andy Zecher
|
|
Now at 1B: Jody Hudson
|
|
|
Batting: RHB Micah Roth
|
0-0: Ball 1-0: Called Strike 1-1: Ball 2-1: Ball 3-1: Foul Ball, location: 2F 3-2: Strikes out swinging
|
|
Batting: LHB Jose Mojica
|
0-0: Ball 1-0: Foul Ball, location: 2F 1-1: Ball 2-1: Foul Ball, location: 2F 2-2: Strikes out swinging
|
|
Pinch Hitting: LHB Chance Stever
|
0-0: Foul Ball, location: 2F 0-1: Fly out, F9 (Flyball, 9, EV 87.5 MPH)
|
| Bottom of the 8th over - 0 runs, 0 hits, 0 errors, 0 left on base; Frisco 1 - Midland 1 |
| TOP OF THE 9TH |
|
Frisco RoughRiders batting - Pitching for Midland RockHounds : RHP Jon Hollman
|
|
Pitching: RHP John Shutt
|
|
|
Now at 2B: Jose Mojica
|
|
|
Now at 3B: Robert Wilkins
|
|
|
Pinch Hitting: LHB Joseph Martin
|
0-0: Fly out, F9 (Flyball, 9LM, EV 76.2 MPH)
|
|
Batting: RHB Luis Arce
|
0-0: Called Strike 0-1: Swinging Strike 0-2: Ball 1-2: Strikes out swinging
|
|
Batting: RHB Chance Lamb
|
0-0: Called Strike 0-1: Ball 1-1: Ball 2-1: Ball 3-1: Swinging Strike 3-2: Foul Ball, location: 2F 3-2: Base on Balls
|
|
Batting: RHB Joe Kemp
|
0-0: Ball Chance Lamb steals 2nd base 1-0: Called Strike 1-1: Ground out 5-3 (Groundball, 5, EV 80.6 MPH)
|
| Top of the 9th over - 0 runs, 0 hits, 0 errors, 1 left on base; Frisco 1 - Midland 1 |
| BOTTOM OF THE 9TH |
|
Midland RockHounds batting - Pitching for Frisco RoughRiders : RHP Andy Zecher
|
|
Now at C: Joseph Martin
|
|
|
Now at 3B: Danny Odom
|
|
|
Now at SS: Luis Arce
|
|
|
Batting: RHB Chris Bohm
|
0-0: Ball 1-0: Ball 2-0: Ball 3-0: Called Strike 3-1: Base on Balls
|
|
Batting: RHB Chris Prinzing
|
0-0: Bunt missed! 0-1: Sac Bunt to 15S - play at first, batter OUT! 1-3 Chris Bohm to second
|
|
Batting: RHB Sean Gould
|
0-0: Foul Ball, location: 2F 0-1: Foul Ball, location: 2F 0-2: Ball 1-2: Foul Ball, location: 2F 1-2: SINGLE (Line Drive, 4D, EV 98.8 MPH) Chris Bohm to third Runner from 3rd tries for Home, SAFE, throw by CF to home
|
| Bottom of the 9th over - 1 run, 1 hit, 0 errors, 1 left on base; Frisco 1 - Midland 2 |
|